 Dungeon Crawl Stone Soup version 0.22.0-6-g71bd7aa (webtiles) character file.

224 HaroldButt the Cleaver (level 6, -2/51 HPs)
             Began as a Hill Orc Monk on Aug 14, 2018.
             Slain by an ogre
             ... wielding a +0 giant club
              (7 damage)
             ... on level 4 of the Dungeon.
             The game lasted 00:06:59 (2704 turns).

HaroldButt the Cleaver (Hill Orc Monk)              Turns: 2704, Time: 00:07:00

Health: -2/51      AC:  8    Str: 16    XL:     6   Next: 0%
Magic:  6/6        EV: 12    Int: 12    God:
Gold:   231        SH:  0    Dex: 18    Spells: 5/5 levels left

rFire    . . .     SeeInvis .   a - +0 hand axe
rCold    . . .     Gourm    .   (no shield)
rNeg     . . .     Faith    .   e - +0 chain mail
rPois    .         Spirit   .   (no helmet)
rElec    .         Reflect  .   (no cloak)
rCorr    .         Harm     .   (no gloves)
MR       .....                  (no boots)
Stlth    ..........             (no amulet)
HPRegen  0.17/turn              (no ring)
MPRegen  0.10/turn              (no ring)

@: agile
A: talons 2, clever 1, MP-powered wands
a: no special abilities


You were on level 4 of the Dungeon.
You were near starving.

You visited 1 branch of the dungeon, and saw 4 of its levels.

You collected 231 gold pieces.


Innate Abilities, Weirdness & Mutations

You have razor-sharp toenails.
Your mind is acute. (Int +2)
You expend magic power (3 MP) to strengthen your wands.


   Skills:
 - Level 3.6 Fighting
 + Level 8.5 Axes
 - Level 2.4 Dodging
 - Level 1.5 Stealth


You had 5 spell levels left.
You didn't know any spells.
Your spell library was empty.

Inventory:

Hand Weapons
 a - a +0 hand axe (weapon)
Armour
 e - a +0 chain mail (worn)
 l - a +0 helmet
 n - a +0 shield
Wands
 o - a wand of disintegration (15)
Scrolls
 b - a scroll of immolation {unknown}
 d - 2 scrolls of amnesia {unknown}
 f - 3 scrolls of enchant armour {unknown}
 g - a scroll of random uselessness {unknown}
 h - 2 scrolls of fog {unknown}
 i - 5 scrolls of remove curse {unknown}
 j - 3 scrolls of identify {unknown}
 k - a scroll of magic mapping {unknown}
 m - a scroll of teleportation {unknown}
 q - a scroll of fear {unknown}
 r - a scroll of enchant weapon {unknown}
Potions
 s - a potion of curing {unknown}
Comestibles
 c - 7 rations

Dungeon Overview and Level Annotations

Branches:
Dungeon (4/15)
 Temple: D:4-7

Altars:
Elyvilon
Makhleb
Qazlal
Sif Muna
Yredelemnul
Zin

Annotations:
D:3 2 transporters, Gorglomux's ghost, amateur OgMo

▒.......≈≈...≈≈≈.....▒
▒............≈.......▒
▒....▒...............▒
▒▒▒▒▒▒▒▒▒...............▒
......<.....▒'▒▒▒▒'▒▒▒▒▒.
............▒...▒......▒.
............▒...▒......▒.
............▒...▒......+.
........o...▒...▒......▒
........O...▒..▒▒▒▒▒▒.▒▒
▒▒▒▒▒▒▒...>▒▒..▒ .▒
▒....▒.... .. ▒....▒
▒....▒ ▒....▒ ▒....▒
..▒▒▒▒


You could see an ogre.


Message History

The ogre barely misses you.
You closely miss the ogre.
The ogre is heavily wounded.
You hit the centaur skeleton.
You destroy the centaur skeleton!
You have reached level 6!
Your experience leads to an increase in your attributes!
Your base attributes are Str 15, Int 10, Dex 13.
Increase (S)trength, (I)ntelligence, or (D)exterity?
You feel stronger.
You hit the ogre. You claw the ogre.
The ogre is heavily wounded.
The ogre hits you but does no damage.
You hit the ogre but do no damage.
The ogre is heavily wounded.
The ogre hits you with a giant club!
* * * LOW HITPOINT WARNING * * *
You hit the ogre but do no damage. You claw the ogre.
The ogre is severely wounded.
You hit the ogre but do no damage. You claw the ogre.
The ogre is severely wounded.
The ogre completely misses you.
You hit the ogre but do no damage. Your kick misses the ogre.
The ogre is severely wounded.
The ogre hits you with a giant club!
You die...

Action                   |  1- 3 |  4- 6 || total
-------------------------+-------+-------++-------
Melee: Hand axe          |   150 |   131 ||   281
       Kick              |       |    28 ||    28
  Use: Potion            |       |     3 ||     3
  Eat: Chunk             |       |     4 ||     4
Armor: Chain mail        |   101 |    97 ||   198
Dodge: Dodged            |    48 |    53 ||   101

Vault maps used:
D:1:      lordsloth_arrival_two_stooges
D:2:      grunt_temple_overflow_order_and_chaos_2, first_ration,
          serial_corexii_hall, corexii_hall_statues_t, corexii_hall_statues_l,
          elyvilon_altar_4
D:3:      gammafunk_temple_overflow_elements, gammafunk_ghost_arena,
          corexii_item_surrounded_by_moat, st_stairs_5, uniq_robin
D:4:      nicolae_qazlal_general_emergency

Notes
Turn   | Place    | Note
-------+----------+-------------------------------------------
     0 | D:1      | HaroldButt the Hill Orc Monk began the quest for the Orb.
     0 | D:1      | Reached XP level 1. HP: 19/19 MP: 1/1
   257 | D:1      | Reached XP level 2. HP: 22/26 MP: 2/2
   265 | D:1      | Reached skill level 5 in Axes
   574 | D:2      | Found a burning altar of Makhleb.
   587 | D:2      | Found a glowing silver altar of Zin.
   587 | D:2      | Noticed an angel
   588 | D:2      | Noticed a blizzard demon
   603 | D:2      | Reached XP level 3. HP: 17/31 MP: 3/3
   645 | D:2      | Found a white marble altar of Elyvilon.
   835 | D:2      | Reached skill level 6 in Axes
  1222 | D:3      | Noticed Robin
  1224 | D:3      | Reached XP level 4. HP: 39/39 MP: 4/4
  1235 | D:3      | Gained mutation: You expend magic power (3 MP) to strengthen your wands. [potion of mutation]
  1235 | D:3      | Gained mutation: Your mind is acute. (Int +2) [potion of mutation]
  1235 | D:3      | Gained mutation: You have sharp toenails. [potion of mutation]
  1235 | D:3      | Gained mutation: You have razor-sharp toenails. [potion of mutation]
  1239 | D:3      | Noticed Gorglomux's ghost (amateur OgMo)
  1452 | D:3      | Reached skill level 7 in Axes
  1774 | D:3      | Killed Robin
  1800 | D:3      | Reached XP level 5. HP: 44/45 MP: 5/5
  1820 | D:3      | Found a transporter.
  1822 | D:3      | Found a transporter.
  2177 | D:3      | Reached skill level 8 in Axes
  2581 | D:3      | Found a deep blue altar of Sif Muna.
  2581 | D:3      | Found a basalt altar of Yredelemnul.
  2663 | D:4      | Found a stormy altar of Qazlal.
  2689 | D:4      | Noticed an ogre
  2699 | D:4      | Reached XP level 6. HP: 20/51 MP: 6/6
  2701 | D:4      | HP: 4/51 [ogre/giant club (16)]
  2704 | D:4      | Slain by an ogre

Vanquished Creatures
  A centaur skeleton (D:4)
  A worker ant (D:3)
  Robin (D:3)
  5 adders (D:3)
  A gnoll (D:3)
  3 oozes
  A worm (D:2)
  A dart slug (D:2)
  4 leopard geckos
  9 giant cockroaches
  14 goblins
  12 hobgoblins
  3 jackals (D:3)
  5 kobolds
  A quokka (D:2)
  2 ball pythons (D:2)
  7 bats
  2 frilled lizards
  10 rats
83 creatures vanquished.
